 Dungeon Crawl Stone Soup version 0.29.0-4-gdea44cf6ec (webtiles) character file.

Game seed: 2794841366621844997

143 qw the Chopper (level 5, 0/30 HPs)
             Began as a Tengu Warper on Aug 28, 2022.
             Succumbed to a kobold's poison
             ... on level 4 of the Dungeon.
             The game lasted 00:00:18 (3373 turns).

qw the Chopper (Tengu Warper)                       Turns: 3373, Time: 00:00:18

Health: 0/30       AC: 10    Str: 13    XL:     5   Next: 25%
Magic:  9/9        EV:  4    Int: 14    God:
Gold:   126        SH:  0    Dex: 13    Spells: 8/8 levels left

rFire   . . .      SeeInvis +   b - +0 hand axe (elec)
rCold   . . .      Faith    .   (no shield)
rNeg    . . .      Spirit   .   h - +0 plate armour
rPois   .          Reflect  .   (helmet restricted)
rElec   .          Harm     .   (no cloak)
rCorr   .          Rampage  .   (no gloves)
Will    .....                   (boots unavailable)
Stlth   ..........              (no amulet)
HPRegen 0.10/turn               a - ring of see invisible
MPRegen 0.11/turn               (no ring)

@: lethally poisoned (0 -> -5), flying quickly and evasively, quick
A: beak, talons 3, nimble flight
a: no special abilities


You were on level 4 of the Dungeon.
You visited 1 branch of the dungeon, and saw 4 of its levels.

You collected 126 gold pieces.


Innate Abilities, Weirdness & Mutations

You have a beak for a mouth.
You have claws for feet.
Your magical nature lets you fly swiftly and evasively.


   Skills:
 - Level 2.0 Fighting
 + Level 5.5 Axes
 - Level 1.0 Throwing
 - Level 2.0 Armour
 - Level 2.1 Dodging
 - Level 2.0 Spellcasting
 - Level 2.4 Translocations


You had 8 spell levels left.
You didn't know any spells.
Your spell library contained the following spells:

 Spells                   Type           Power      Damage    Failure   Level
 Blink                    Tloc           16%        N/A       100%        2
 Gell's Gravitas          Tloc           8%         N/A       100%        3
 Lesser Beckoning         Tloc           8%         N/A       100%        3
 Teleport Other           Tloc           8%         N/A       100%        3
 Manifold Assault         Tloc           8%         N/A       100%        5

Inventory:

Hand Weapons
 b - a +0 hand axe of electrocution (weapon)
 d - a +0 whip
Missiles
 k - 4 boomerangs (quivered)
Armour
 h - a +0 plate armour (worn)
Jewellery
 a - a ring of see invisible (left hand)
Scrolls
 g - 2 scrolls of teleportation
Potions
 c - a potion of curing {unknown}
 e - a potion of flight {unknown}
 f - a potion of lignification {unknown}
 j - a potion of degeneration {unknown}
 l - a potion of attraction {unknown}

Dungeon Overview and Level Annotations

Branches:
Dungeon (4/15)
 Temple: D:4-7

Altars:
Nemelex Xobeh


Message History

The kobold throws a poisoned dart.
The poisoned dart hits you!
You are poisoned.
Enter note: Throw: 4 boomerangs
Press: ? - help, Q - select action Shift-Dir - straight line, f - goblin You throw a boomerang.
The boomerang misses the goblin.
You feel very sick.
3363 ||| FLEEEEING.
A goblin comes into view. It is wielding a +0 club.
You feel sick.
The goblin shouts!
The kobold throws a poisoned dart.
The poisoned dart hits you!
You are more poisoned.
3364 ||| FLEEEEING.
You feel very sick.
The kobold throws a poisoned dart.
The poisoned dart hits you.
You are more poisoned.
3365 ||| FLEEEEING.
You feel very sick.
The kobold throws a poisoned dart.
The poisoned dart hits you!
You are lethally poisoned!
3366 ||| FLEEEEING.
You feel very sick.
The kobold throws a poisoned dart.
The poisoned dart barely misses you.
3367 ||| FLEEEEING.
You feel very sick.
3368 ||| FLEEEEING.
You feel very sick.
3369 ||| FLEEEEING.
An endoplasm comes into view.
You feel very sick.
The endoplasm quivers.
3370 ||| FLEEEEING.
You feel sick.
3371 ||| FLEEEEING.
You feel sick.
3372 ||| FLEEEEING.
You feel sick.
3373 ||| FLEEEEING.
You die...

#####..###.......##
###......###g......#
#..........g..g.K....
#.........#####...##.
# ##......>.## #...#
..#..........##+#
.....
#.................
..##.
#.##........8..... .#
# #...@......8J8..
#...............
#.<.......###.#.
#..........#..## .#
#########....##
...#..# .......#
.#####.. ..


You could see a goblin.

Vanquished Creatures
  Jessica (D:2)
  An iguana (D:3)
  2 adders (D:2)
  3 worms
  A dart slug (D:2)
  4 orcs (D:3)
  6 ball pythons
  6 endoplasms
  6 goblins
  2 hobgoblins (D:1)
  7 kobolds
  2 quokkas (D:1)
  9 bats
  3 frilled lizards
  7 rats
60 creatures vanquished.

Vanquished Creatures (others)
  A fungus (D:1)
  A plant (D:1)
2 creatures vanquished.

Grand Total: 62 creatures vanquished

Notes
Turn   | Place    | Note
-------+----------+-------------------------------------------
     0 | D:1      | qw the Tengu Warper began the quest for the Orb.
     0 | D:1      | Reached XP level 1. HP: 12/12 MP: 4/4
     0 | D:1      | 0 ||| qw: Version: 0.1-a-89-g26bdef1
     0 | D:1      | 0 ||| qw: Game counter: 2647
     0 | D:1      | 0 ||| qw: Always use a shield: true
     0 | D:1      | 0 ||| qw: God list: Okawaru
     0 | D:1      | 0 ||| qw: Allow faded altars: false
     0 | D:1      | 0 ||| qw: Do Orc after D:15 true
     0 | D:1      | 0 ||| qw: Do second Lair branch before Depths: true
     0 | D:1      | 0 ||| qw: Lair rune preference: random
     0 | D:1      | 0 ||| qw: Plans: Normal
     0 | D:1      | 0 ||| PLANNING D:1-11
    74 | D:1      | Found a faded altar of an unknown god.
   181 | D:1      | Reached skill level 3 in Axes
   181 | D:1      | Reached XP level 2. HP: 17/17 MP: 6/6
   486 | D:1      | 486 ||| Stepping ~*~*~tactically~*~*~ (stealth).
   491 | D:1      | 491 ||| Stepping ~*~*~tactically~*~*~ (stealth).
   867 | D:1      | Reached XP level 3. HP: 21/21 MP: 7/7
   867 | D:1      | 867 ||| DROPPING scroll of blinking.
   927 | D:2      | 927 ||| Stepping ~*~*~tactically~*~*~ (stealth).
   980 | D:2      | 980 ||| Stepping ~*~*~tactically~*~*~ (stealth).
   983 | D:2      | 983 ||| Stepping ~*~*~tactically~*~*~ (stealth).
   984 | D:2      | 984 ||| Stepping ~*~*~tactically~*~*~ (stealth).
   985 | D:2      | 985 ||| Stepping ~*~*~tactically~*~*~ (stealth).
   987 | D:2      | 987 ||| Stepping ~*~*~tactically~*~*~ (stealth).
   991 | D:2      | 991 ||| Stepping ~*~*~tactically~*~*~ (stealth).
   992 | D:2      | 992 ||| Stepping ~*~*~tactically~*~*~ (stealth).
   996 | D:2      | 996 ||| Stepping ~*~*~tactically~*~*~ (stealth).
  1004 | D:2      | Reached skill level 4 in Axes
  1032 | D:2      | 1032 ||| Stepping ~*~*~tactically~*~*~ (stealth).
  1248 | D:2      | You fall into a shaft and drop 1 floor!
  1427 | D:3      | 1427 ||| Stepping ~*~*~tactically~*~*~ (stealth).
  1899 | D:3      | 1899 ||| UPGRADING to +0 plate armour.
  1909 | D:3      | 1909 ||| DROPPING +0 leather armour.
  1910 | D:3      | 1910 ||| READING scroll labelled ACKIRU XEIF.
  1911 | D:3      | 1911 ||| READING 2 scrolls labelled UMEWAEGUNT.
  1916 | D:3      | 1916 ||| READING scroll labelled CENYER QAPNA.
  1925 | D:3      | 1925 ||| Stepping ~*~*~tactically~*~*~ (stealth).
  1941 | D:2      | Reached XP level 4. HP: 26/26 MP: 8/8
  1993 | D:2      | 1993 ||| Stepping ~*~*~tactically~*~*~ (hiding).
  2115 | D:2      | 2115 ||| Stepping ~*~*~tactically~*~*~ (stealth).
  2128 | D:2      | 2128 ||| Stepping ~*~*~tactically~*~*~ (stealth).
  2129 | D:2      | 2129 ||| Stepping ~*~*~tactically~*~*~ (stealth).
  2279 | D:2      | Noticed Jessica
  2284 | D:2      | Killed Jessica
  2567 | D:2      | Reached skill level 5 in Axes
  2627 | D:2      | Identified the +1 long sword of Uskayaw, Slashing {drain,
                  | Int+6}
  2831 | D:2      | 2831 ||| UPGRADING to ring of see invisible.
  2832 | D:2      | 2832 ||| READING scroll labelled LIG DAREITERIG.
  2833 | D:2      | 2833 ||| READING scroll labelled GUPAFEYGOB.
  2877 | D:3      | 2877 ||| SWAPPING to +0 hand axe of electrocution.
  2878 | D:3      | 2878 ||| DROPPING +0 hand axe of freezing.
  2991 | D:3      | Gained mutation: Your magical nature lets you fly swiftly
                  | and evasively. [Tengu growth]
  2991 | D:3      | Reached XP level 5. HP: 30/30 MP: 9/9
  3067 | D:3      | Found a sparkling altar of Nemelex Xobeh.
  3313 | D:3      | 3313 ||| DRINKING 2 bubbling purple potions.
  3314 | D:3      | 3314 ||| DROPPING potion of magic.
  3346 | D:4      | 3346 ||| PLANNING OSSUARY
  3363 | D:4      | 3363 ||| FLEEEEING.
  3364 | D:4      | 3364 ||| FLEEEEING.
  3365 | D:4      | 3365 ||| FLEEEEING.
  3366 | D:4      | 3366 ||| FLEEEEING.
  3367 | D:4      | 3367 ||| FLEEEEING.
  3368 | D:4      | 3368 ||| FLEEEEING.
  3369 | D:4      | 3369 ||| FLEEEEING.
  3369 | D:4      | HP: 6/30 [poisoned by a kobold]
  3370 | D:4      | 3370 ||| FLEEEEING.
  3371 | D:4      | 3371 ||| FLEEEEING.
  3371 | D:4      | HP: 2/30 [poisoned by a kobold]
  3372 | D:4      | 3372 ||| FLEEEEING.
  3373 | D:4      | 3373 ||| FLEEEEING.
  3373 | D:4      | Succumbed to a kobold's poison

Levels and vault maps discovered:
D:1:      scummos_arrival_simple_crosswalls, layout_loops_cross,
          shapermc_ecumenical_altar_mp_urbaneastern
D:2:      layout_basic, uniq_jessica
D:3:      minmay_skewed_foursquare, layout_basic,
          mainiacjoe_overflow_surrounded_room, minmay_misc_feat_chi
D:4:      layout_rooms, zin_statuary, minmay_temple_entry_poolview,
          enter_ossuary_2, kennysheep_cross_room, uniq_natasha, uniq_sigmund

Skill      XL: |  1  2  3  4 |
---------------+-------------+-----
Axes           | 3 4 5 |  5.5
Armour         | 2 |  2.0
Fighting       | |  2.0
Throwing       | |  1.0
Dodging        | |  2.1
Spellcasting   | |  2.0
Translocations | |  2.4

Action                   |  1- 3 |  4- 6 || total
-------------------------+-------+-------++-------
Melee: Hand axe          |    79 |    34 ||   113
       Kick              |    16 |    10 ||    26
       Peck              |     9 |     6 ||    15
Throw: Boomerang         |     7 |    11 ||    18
  Use: Scroll            |     3 |     2 ||     5
       Potion            |       |     1 ||     1
Armor: Leather armour    |    10 |       ||    10
       Plate armour      |     2 |    16 ||    18
Dodge: Dodged            |    31 |     5 ||    36

Table legend:
 A = Non-vault XP
 B = Vault XP
 C = Vault XP percentage of total XP
 D = Non-vault monster count
 E = Vault monster count
 F = Vault count percentage of total count
                 A         B        C        D         E       F
            +---------+---------+-------+---------+---------+-------
      Total |     120 |      85 |  41.5 |      52 |       8 |  13.3
            +---------+---------+-------+---------+---------+-------
        D:1 |      34 |       0 |   0.0 |      22 |       0 |   0.0
        D:2 |      60 |      37 |  38.1 |      18 |       1 |   5.3
        D:3 |      26 |      48 |  64.9 |      12 |       7 |  36.8
            +---------+---------+-------+---------+---------+-------
